AoeStats
← darthfunk85

Arena

507983184Analyzed
4v4 RM · 11d ago on Sep 20, 2026· 44m 15s· 8 players
Game mode
Random Map
Map size
Large (8 player)
Population
200
Speed
Normal
Resources
Standard
Victory
Conquest
Starting age
Dark Age
Ending age
Imperial Age
RankedLock teamsTeams togetherTeam positionsShared explorationLock speedFull tech treeHidden civsTurbo modeCheats
Victory
Defeat
🇹🇷 Magyars · Türkiye
732
+15
🇨🇳 Berbers · China
700
+16
🇹🇼 Goths · Taiwan
664
+18
🇹🇼 Franks · Taiwan
631
+19
🇵🇱 Teutons · Poland
743
-19
🇧🇷 Franks · Brazil
722
-18
🇺🇸 Burgundians · United States
686
-16
🇲🇦 Bohemians · Morocco
655
-15
I MISS HER
12:59 Feudal Age
13:26 Double-Bit Axe
16:06 Horse Collar
20:33 Castle Age
19:21 Man-at-Arms
19:55 Stone Mining
22:07 Bow Saw
22:18 Gold Mining
22:54 Heavy Plow
25:52 Corvinian Army
26:58 Long Swordsman
26:59 Pikeman
27:25 Arson
30:46 Wheelbarrow
33:54 Imperial Age
34:03 Scale Mail Armor
34:08 Scale Barding Armor
34:19 Caravan
37:13 Hand Cart
40:02 Two-Man Saw
39:47 Conscription
38:50 Two-Handed Swordsman
41:17 Elite Magyar Huszar
43:16 Crop Rotation
44:28 Chemistry
bear11104
12:39 Feudal Age
13:57 Wheelbarrow
13:09 Double-Bit Axe
13:05 Horse Collar
18:50 Stone Mining
18:50 Gold Mining
21:19 Castle Age
22:20 Heavy Plow
22:44 Bow Saw
23:45 Forging
23:37 Scale Mail Armor
25:55 Squires
26:35 Iron Casting
26:16 Chain Mail Armor
26:19 Hand Cart
29:09 Caravan
29:22 Town Watch
29:23 Loom
33:24 Imperial Age
31:34 Pikeman
33:39 Fletching
34:35 Conscription
35:39 Two-Man Saw
35:15 Crop Rotation
36:11 Anarchy
37:19 Stone Shaft Mining
36:52 Town Patrol
37:02 Town Patrol
37:16 Perfusion
36:39 Halberdier
38:25 Blast Furnace
41:25 Elite Huskarl
42:54 Ballistics
HBNUVHTFGHYHUGY
11:08 Feudal Age
16:21 Castle Age
14:48 Horse Collar
15:28 Double-Bit Axe
20:42 Bow Saw
21:37 Wheelbarrow
21:27 Heavy Plow
26:39 Stone Mining
26:46 Gold Mining
28:42 Stone Shaft Mining
29:55 Hand Cart
30:43 Gold Shaft Mining
32:47 Imperial Age
31:14 Loom
32:29 Padded Archer Armor
32:19 Fletching
33:04 Husbandry
33:15 Bloodlines
33:52 Maghrebi Camels
33:55 Kasbah
33:43 Elite Camel Archer
34:51 Conscription
36:06 Chemistry
35:16 Thumb Ring
35:35 Ballistics
37:03 Leather Archer Armor
36:44 Bodkin Arrow
40:10 Ring Archer Armor
39:40 Bracer
audi8698
1:21 Loom
12:27 Feudal Age
13:23 Double-Bit Axe
20:45 Castle Age
18:52 Stone Mining
18:57 Gold Mining
21:30 Wheelbarrow
22:24 Bow Saw
24:42 Fletching
26:22 Husbandry
27:09 Gold Shaft Mining
28:35 Fortified Wall
29:54 Caravan
30:46 Gambesons
33:52 Imperial Age
32:07 Man-at-Arms
32:10 Pikeman
32:52 Squires
33:05 Murder Holes
33:31 Ballistics
33:57 Hand Cart
34:06 Long Swordsman
36:15 Chemistry
35:28 Masonry
35:33 Two-Handed Swordsman
35:56 Halberdier
36:40 Bodkin Arrow
36:46 Scale Mail Armor
36:57 Forging
38:09 Champion
38:38 Arson
39:48 Chain Mail Armor
40:09 Iron Casting
39:35 Padded Archer Armor
41:55 Plate Mail Armor
42:26 Conscription
45:14 Blast Furnace
darthfunk85
9:57 Feudal Age
9:13 Double-Bit Axe
9:53 Horse Collar
14:50 Heavy Plow
19:10 Castle Age
20:05 Husbandry
20:50 Bow Saw
21:41 Wheelbarrow
21:18 Cavalier
24:29 Hand Cart
30:48 Squires
30:12 Man-at-Arms
34:50 Imperial Age
35:05 Scale Barding Armor
35:11 Forging
35:03 Scale Mail Armor
37:19 Chemistry
37:44 Capped Ram
39:15 Long Swordsman
40:05 Gold Mining
40:39 Pikeman
Homer Van Gogh
5:45 Loom
11:37 Feudal Age
12:54 Wheelbarrow
12:07 Double-Bit Axe
12:14 Stone Mining
12:46 Horse Collar
22:46 Castle Age
20:34 Town Watch
24:06 Hand Cart
23:55 Heavy Plow
24:49 Caravan
25:08 Bow Saw
28:05 Town Patrol
28:58 Stone Shaft Mining
29:02 Masonry
29:10 Fortified Wall
33:53 Imperial Age
34:28 Ballistics
34:02 Heated Shot
34:48 Siege Engineers
35:44 Chemistry
34:32 Arrowslits
35:37 Crop Rotation
36:09 Two-Man Saw
37:37 Forging
37:28 Scale Mail Armor
37:19 Fletching
39:35 Iron Casting
39:16 Chain Mail Armor
42:37 Blast Furnace
41:33 Bodkin Arrow
42:09 Plate Mail Armor
42:04 Conscription
41:05 Elite Teutonic Knight
[MCC] Bacteria-Am
0:45 Loom
13:46 Feudal Age
14:58 Double-Bit Axe
18:31 Castle Age
21:16 Bow Saw
22:34 Wheelbarrow
26:15 Scale Barding Armor
27:19 Hand Cart
26:53 Town Watch
28:07 Chain Barding Armor
27:58 Forging
30:18 Stone Mining
30:19 Gold Mining
31:13 Iron Casting
32:39 Gold Shaft Mining
32:37 Town Patrol
33:10 Husbandry
35:56 Imperial Age
33:46 Fortified Wall
34:14 Murder Holes
36:32 Padded Archer Armor
36:22 Fletching
36:33 Scale Mail Armor
37:49 Plate Barding Armor
38:15 Blast Furnace
37:30 Leather Archer Armor
38:22 Chemistry
36:46 Cavalier
36:50 Man-at-Arms
37:16 Gambesons
38:05 Onager
38:26 Paladin
40:57 Chivalry
42:20 Bodkin Arrow
42:41 Chain Mail Armor
42:52 #83
42:36 Elite Throwing Axeman
MONSTAR36
0:34 Loom
13:10 Feudal Age
13:39 Double-Bit Axe
13:54 Horse Collar
17:29 Wheelbarrow
22:03 Castle Age
26:29 Pikeman
27:12 Squires
27:48 Heavy Plow
28:47 Bow Saw
31:30 Hand Cart
31:11 Town Watch
31:54 Caravan
38:05 Imperial Age
35:38 Town Patrol
38:20 Scale Mail Armor
38:31 Forging
38:18 Halberdier
Connection lost

Rejoining the realm…

Still unreachable

The connection could not be restored.

Session expired

The server has moved on; the page needs a fresh start.